 Dungeon Crawl Stone Soup version 0.29.1-1-gd02db69 (webtiles) character file.

Game seed: 8210898584000089109

391 Timinator the Insei (level 6, -4/52 HPs)
             Began as a Demigod Transmuter on Dec 20, 2022.
             Splashed by a jelly's acid (12 damage)
             ... on level 4 of the Dungeon.
             The game lasted 00:15:35 (4875 turns).

Timinator the Insei (Demigod Transmuter)            Turns: 4875, Time: 00:15:36

Health: -4/52      AC: -7    Str: 15    XL:     6   Next: 25%
Magic:  12/12      EV: 14    Int: 15    God:
Gold:   160        SH:  0    Dex: 18    Spells: 3/10 levels left

rFire   . . .      SeeInvis .     - Unarmed
rCold   . . .      Faith    .   (no shield)
rNeg    . . .      Spirit   .   e - +1 ring mail
rPois   .          Reflect  .   (no helmet)
rElec   .          Harm     .   (no cloak)
rCorr   .          Rampage  .   (no gloves)
Will    .....                   (no boots)
Stlth   ..........              (no amulet)
HPRegen 0.17/turn               o - ring of the Octopus King {Fly HP+2 AC+2 EV+2 SH+2}
MPRegen 0.13/turn               (no ring)

@: confused, ambrosia-drunk, wereblooded, corroded, attractive, flying
A: high MP 1, forlorn, divine attributes
a: no special abilities


You were on level 4 of the Dungeon.
You visited 1 branch of the dungeon, and saw 4 of its levels.
You also visited: Sewer.

You collected 160 gold pieces.

Inventory:

Armour
 e - a +1 ring mail (worn)
Jewellery
 o - a ring of the Octopus King (left hand) {Fly HP+2 AC+2 EV+2 SH+2}
   (You found it on level 3 of the Dungeon)

   [ring of flight]

   AC:        It affects your AC (+2).
   EV:        It affects your evasion (+2).
   HP:        It affects your health (+2).
   Fly:       It grants you flight.
   SH:        It affects your SH (+2).
Scrolls
 b - a scroll of magic mapping {unknown}
 c - a scroll of summoning {unknown}
 d - 2 scrolls of teleportation {unknown}
 g - a scroll of vulnerability {unknown}
 l - 2 scrolls of enchant armour
 m - a scroll of enchant weapon {unknown}
 n - a scroll of amnesia {unknown}
 p - a scroll of noise {unknown}
 q - a scroll of acquirement {unknown}
Potions
 a - a potion of brilliance
 f - a potion of attraction
 i - 2 potions of curing
 k - a potion of mutation


   Skills:
 * Level 2.4 Fighting
 - Level 2.0 Armour
 * Level 2.9 Dodging
 + Level 3.8 Unarmed Combat
 + Level 2.6 Spellcasting
 * Level 3.3 Transmutations


You had 3 spell levels left.
You knew the following spells:

 Your Spells              Type           Power      Damage    Failure   Level
a - Beastly Appendage     Tmut           22%        N/A       11%         1
b - Wereblood             Tmut           11%        N/A       16%         2
c - Ice Form              Ice/Tmut       6%         N/A       90%         4

Your spell library contained the following spells:

 Spells                   Type           Power      Damage    Failure   Level
 Passwall                 Tmut/Erth      5%         N/A       30%         2
 Sandblast                Erth           2%         2d4       38%         1
 Spider Form              Tmut/Pois      6%         N/A       52%         3
 Call Canine Familiar     Summ           1%         N/A       77%         3
 Portal Projectile        Hex/Tloc       2%         N/A       77%         3
 Stone Arrow              Conj/Erth      2%         3d7       77%         3
 Leda's Liquefaction      Hex/Erth       0%         N/A       99%         4


Dungeon Overview and Level Annotations

Branches:
Dungeon (4/15)              Sewer (visited)
 Temple: D:4-7

Annotations:
D:3 1 runed translucent door, Crazy Yiuf


Innate Abilities, Weirdness & Mutations

You have an increased reservoir of magic. (+10% MP)
You shall have no god before yourself.
Your divine heritage dramatically boosts your attributes as you level up.


Message History

The jelly hits you. The acid corrodes you!
You are splashed with acid!
You hit the jelly but do no damage.
Your hands burn!
You headbutt the jelly.
The jelly is severely wounded.
The jelly hits you. The acid corrodes you!
You are splashed with acid!
You hit the jelly.
Your hands burn!
* * * LOW HITPOINT WARNING * * *
The jelly is severely wounded.
The jelly hits you.
* * * LOW HITPOINT WARNING * * *
The acid corrodes you!
You are splashed with acid!
* * * LOW HITPOINT WARNING * * *
It was a potion of curing.
You feel better. The jelly closely misses you.
You hit the jelly but do no damage.
Your hands burn!
* * * LOW HITPOINT WARNING * * *
Your kick misses the jelly.
The jelly is severely wounded.
Your transformation is almost over.
The jelly closely misses you. The jelly attacks as you move away!
The jelly hits you.
* * * LOW HITPOINT WARNING * * *
You are splashed with acid.
* * * LOW HITPOINT WARNING * * *
Okay, then.
Okay, then.
It was a potion of attraction.
You feel attractive to monsters. The jelly closely misses you.
The worm is attracted toward you.
It was a potion of ambrosia.
You are confused.
You feel invigorated. The jelly hits you.
* * * LOW HITPOINT WARNING * * *
The acid corrodes you!
You are splashed with acid!
* * * LOW HITPOINT WARNING * * *
The worm is attracted toward you.
You bump into the rock wall.
Your horns disappear.
Your talons disappear.
The jelly hits you.
* * * LOW HITPOINT WARNING * * *
You are splashed with acid!
You die...

#.......#
#.#.[#....
#.##.##.#
#......###
#.##.##.###.....##
#.##............#
##.###########.###
#....# #.# #..#.#
#.# #..#.# #.#
#..#@# ...
####..#J# ....
#......w## .....
#.##...§.####......
# #.........†..>...
#......####......
#.....## .....
#.....# ....
#...).# ...


You could see a worm and a jelly.

Vanquished Creatures
  A black bear (D:4)
  A centaur (D:4)
  2 bullfrogs (Sewer)
  4 adders
  A dart slug (D:3)
  An orc (D:4)
  4 endoplasms
  8 giant cockroaches
  2 goblins
  3 hobgoblins
  5 jackals
  6 quokkas
  10 ball pythons
  3 bats
  12 frilled lizards
  4 kobolds
  7 rats
74 creatures vanquished.

Notes
Turn   | Place    | Note
-------+----------+-------------------------------------------
     0 | D:1      | Timinator the Demigod Transmuter began the quest for the
                  | Orb.
     0 | D:1      | Reached XP level 1. HP: 15/15 MP: 5/5
   191 | D:1      | Reached skill level 1 in Fighting
   289 | D:1      | Reached XP level 2. HP: 13/23 MP: 5/7
  1756 | D:2      | You fall into a shaft and drop 2 floors!
  1771 | D:3      | Reached XP level 3. HP: 28/28 MP: 5/8
  1936 | D:3      | Found a glowing drain.
  1954 | Sewer    | Entered a sewer
  2570 | Sewer    | Reached skill level 1 in Armour
  2716 | Sewer    | Reached XP level 4. HP: 35/35 MP: 7/9
  2825 | Sewer    | Noticed a bullfrog
  2836 | Sewer    | Killed a bullfrog
  3033 | Sewer    | Noticed a bullfrog
  3041 | Sewer    | Killed a bullfrog
  3042 | Sewer    | Reached XP level 5. HP: 32/41 MP: 9/11
  3430 | D:3      | Found the ring of the Octopus King
  3442 | D:3      | Identified a ring of the Octopus King {Fly HP+2 AC+2 EV+2
                  | SH+2}
  3579 | D:3      | Found a runed translucent door.
  3580 | D:3      | Noticed Crazy Yiuf
  4151 | D:3      | Learned a level 2 spell: Wereblood
  4156 | D:3      | Learned a level 4 spell: Ice Form
  4609 | D:4      | Noticed a black bear
  4617 | D:4      | Killed a black bear
  4735 | D:4      | Noticed a centaur
  4750 | D:4      | Killed a centaur
  4751 | D:4      | Reached XP level 6. HP: 35/50 MP: 12/12
  4873 | D:4      | HP: 2/52 [acid (7)]
  4875 | D:4      | Splashed by a jelly's acid

Illustrated notes

Levels and vault maps discovered:
D:1:      dpeg_arrival_boxes_within_box, layout_loops_ring,
          kennysheep_crisscross
D:2:      layout_basic
D:3:      layout_basic, cheibrodos_sewer_entry_drain,
          shapermc_ecumenical_altar_venn, minmay_parallelograms, st_stairs_8,
          uniq_crazy_yiuf_cottage
D:4:      layout_loops_corners, kennysheep_little_box

Skill      XL: |  1  2  3  4  5 |
---------------+----------------+-----
Fighting       | 1 2 |  2.4
Dodging        | 2 |  2.9
Unarmed Combat | 3 |  3.8
Transmutations | 2 3 |  3.3
Spellcasting   | 2 |  2.6
Armour         | 1 2 |  2.0

Action                   |  1- 3 |  4- 6 || total
-------------------------+-------+-------++-------
Melee: Unarmed           |   119 |    81 ||   200
       Headbutt          |    14 |    13 ||    27
       Kick              |    20 |    15 ||    35
       Punch             |     3 |     1 ||     4
 Cast: Beastly Appendage |    30 |    16 ||    46
       Wereblood         |       |     1 ||     1
  Use: Potion            |       |     4 ||     4
       Scroll            |       |     3 ||     3
 Stab: Sleeping          |     2 |       ||     2
Armor: Robe              |    20 |       ||    20
       Ring mail         |     1 |    32 ||    33
       Skin              |       |    16 ||    16
Dodge: Dodged            |   102 |    51 ||   153
Block: Other             |       |     2 ||     2
